 Dungeon Crawl Stone Soup version 0.21.0-3-g78d12a8 (webtiles) character file.

345 Inarius the Chiller (level 6, -3/46 HPs)
             Began as a Draconian Ice Elementalist on Jan 9, 2018.
             Killed by divine providence
             ... invoked by an orc priest
              (7 damage)
             ... on level 3 of the Dungeon.
             The game lasted 00:09:44 (2878 turns).

Inarius the Chiller (Draconian Ice Elementalist)    Turns: 2878, Time: 00:09:45

Health: -3/46      AC:  6    Str: 10    XL:     6   Next: 32%
Magic:  8/11       EV: 13    Int: 17    God:
Gold:   146        SH:  0    Dex: 16    Spells: 4/12 levels left

rFire    . . .     SeeInvis +   g - +0 long sword (curse)
rCold    . . .     Gourm    .   (no shield)
rNeg     . . .     Faith    .   (armour unavailable)
rPois    .         Spirit   .   (helmet restricted)
rElec    .         Reflect  .   (no cloak)
rCorr    .         Harm     .   (no gloves)
MR       .....                  (no boots)
Stlth    ++........             (no amulet)
HPRegen  0.15/turn              h - +4 ring of dexterity
MPRegen  0.12/turn              o - ring of see invisible

@: no status effects
A: unfitting armour, cold-blooded, AC +6
a: no special abilities


You were on level 3 of the Dungeon.
You were not hungry.

You visited 1 branch of the dungeon, and saw 4 of its levels.

You collected 146 gold pieces.

Inventory:

Hand Weapons
 g - a cursed +0 long sword (weapon)
Jewellery
 h - a +4 ring of dexterity (left hand)
 o - a ring of see invisible (right hand)
Scrolls
 d - a scroll of magic mapping {unknown}
 e - 3 scrolls of remove curse
 f - a scroll of fog
 l - 4 scrolls of teleportation
 n - 3 scrolls of enchant armour {unknown}
 p - a scroll of amnesia {unknown}
 q - a scroll of enchant weapon {unknown}
Potions
 c - 3 potions of curing
 i - 3 potions of brilliance {unknown}
 j - a potion of mutation {unknown}
 k - a potion of resistance {unknown}
 m - a potion of flight {unknown}
Books
 a - a book of Frost

   Spells                             Type                      Level
   a - Freeze                         Ice                          1
   b - Throw Frost                    Conjuration/Ice              2
   c - Ozocubu's Armour               Charms/Ice                   3
   d - Throw Icicle                   Conjuration/Ice              4
   e - Summon Ice Beast               Ice/Summoning                4
Comestibles
 b - a ration
 r - 3 chunks of flesh


   Skills:
 + Level 0.4 Fighting
   Level 0.3 Polearms
 + Level 2.2 Dodging
 - Level 1.7 Stealth
 + Level 3.6 Spellcasting
 * Level 1.7 Conjurations
 + Level 1.0 Charms
 * Level 5.5 Ice Magic


You had 4 spell levels left.
You knew the following spells:

 Your Spells              Type           Power        Failure   Level  Hunger
a - Freeze                Ice            ###.         1%          1    None
b - Ozocubu's Armour      Chrm/Ice       ##......     13%         3    ###....
c - Throw Icicle          Conj/Ice       ###.....     36%         4    ####...


Dungeon Overview and Level Annotations

Branches:
Dungeon (4/15)
 Temple: D:4-7

Altars:
Nemelex Xobeh

Annotations:
D:3 inmateoo's ghost, novice HuHu


Innate Abilities, Weirdness & Mutations

Your plain brown scales are hard. (AC +6)
You cannot fit into any form of body armour.
You are cold-blooded and may be slowed by cold attacks.


Message History

Casting: Freeze
Confirm with . or Enter, or press ? or * to list all spells.
Aiming: Freeze
Press: ? - help, Shift-Dir - straight line, f/p - orc priest
Aim: an orc priest, wielding a whip and wearing a ring mail (moderately wounded)
You freeze the orc priest.
The orc priest is heavily wounded.
The orc priest invokes the aid of Beogh against you.
Beogh smites you!
* * * LOW HITPOINT WARNING * * *
Casting: Freeze
Confirm with . or Enter, or press ? or * to list all spells.
Aiming: Freeze
Press: ? - help, Shift-Dir - straight line, f/p - orc priest
Aim: an orc priest, wielding a whip and wearing a ring mail (heavily wounded)
You freeze the orc priest.
The orc priest is severely wounded.
The orc priest mumbles some strange prayers to Beogh against you.
Beogh smites you!
You die...

#. #. #.
#. #.
###.###
#
#....o#
.
#...@.#
.
#......#
#......#
#.$....#
#.######
#. #


You could see an orc priest.

Vanquished Creatures
  An orc priest (D:3)
  2 orc wizards
  Natasha (twice) (D:4)
  2 worker ants (D:4)
  A hound skeleton (D:4)
  4 gnolls
  2 adders (D:2)
  A worm (D:2)
  2 dart slugs
  3 leopard geckos (D:1)
  3 orcs (D:3)
  A ball python (D:3)
  4 bats
  2 giant cockroaches
  10 goblins
  5 hobgoblins
  4 jackals
  5 kobolds
  2 quokkas
  7 frilled lizards
  9 rats
72 creatures vanquished.

Vanquished Creatures (others)
  An orc wizard (D:4)
1 creature vanquished.

Grand Total: 73 creatures vanquished

Notes
Turn   | Place    | Note
-------+----------+-------------------------------------------
     0 | D:1      | Inarius the Draconian Ice Elementalist began the quest for the Orb.
     0 | D:1      | Reached XP level 1. HP: 14/14 MP: 3/3
   169 | D:1      | Reached XP level 2. HP: 18/20 MP: 5/5
   408 | D:1      | Reached XP level 3. HP: 25/26 MP: 6/6
   421 | D:1      | Learned a level 3 spell: Ozocubu's Armour
   595 | D:2      | Reached skill level 4 in Ice Magic
   754 | D:2      | Reached XP level 4. HP: 9/33 MP: 1/7
  1032 | D:2      | Learned a level 4 spell: Throw Icicle
  1342 | D:2      | Found a sparkling altar of Nemelex Xobeh.
  1385 | D:2      | Reached skill level 1 in Charms
  1891 | D:3      | Noticed inmateoo's ghost (novice HuHu)
  1900 | D:3      | Reached XP level 5. HP: 18/39 MP: 0/9
  2505 | D:4      | Noticed Natasha
  2527 | D:4      | Killed Natasha
  2549 | D:4      | Reached skill level 5 in Ice Magic
  2802 | D:4      | Reached XP level 6. HP: 46/46 MP: 11/11
  2824 | D:4      | Noticed Natasha
  2831 | D:4      | Killed Natasha
  2878 | D:3      | Killed from afar by an orc priest

Skill      XL: |  1  2  3  4  5 |
---------------+----------------+-----
Dodging        | 2 |  2.2
Ice Magic      | 4 5 |  5.5
Charms         | 1 |  1.0
Spellcasting   | 3 |  3.6
Fighting       | |  0.4
Polearms       | |  0.3
Stealth        | |  1.7
Conjurations   | |  1.7

Action                   |  1- 3 |  4- 6 || total
-------------------------+-------+-------++-------
Melee: Spear             |    58 |    51 ||   109
       Tailslap          |     2 |    10 ||    12
       Long sword        |       |    23 ||    23
       Dagger            |       |     1 ||     1
 Cast: Freeze            |    30 |    52 ||    82
  Use: Scroll            |       |     4 ||     4
       Potion            |       |     1 ||     1
 Stab: Sleeping          |     4 |     6 ||    10
  Eat: Chunk             |       |     7 ||     7
Armor: Skin              |    19 |    26 ||    45
Dodge: Dodged            |    46 |    86 ||   132
       Rpst.: Long sword |       |    16 ||    16
